 Dungeon Crawl Stone Soup version 0.28.0-53-g5a82cb258f (webtiles) character file.

Game seed: 17832632324008193395

43 Tirrikindir the Shield-Bearer (level 3, -3/26 HPs)
             Began as an Octopode Fighter on Aug 18, 2022.
             Slain by Sigmund
             ... wielding a +0 scythe
              (7 damage)
             ... on level 2 of the Dungeon.
             The game lasted 00:02:15 (1422 turns).

Tirrikindir the Shield-Bearer (Octopode Fighter)    Turns: 1422, Time: 00:02:15

Health: -3/26      AC:  1    Str: 15    XL:     3   Next: 58%
Magic:  3/3        EV: 13    Int: 10    God:
Gold:   49         SH:  4    Dex: 13    Spells: 2/2 levels left

rFire   . . .      SeeInvis .   a - +0 long sword
rCold   . . .      Faith    .   b - +0 buckler
rNeg    . . .      Spirit   .   (helmet restricted)
rPois   .          Reflect  .   (no amulet)
rElec   .          Harm     .   (no ring)
rCorr   .          Rampage  .   (no ring)
Will    .....                   (no ring)
Stlth   +++.......              (no ring)
HPRegen 0.08/turn               (no ring)
MPRegen 0.08/turn               (no ring)
                                (no ring)
                                (no ring)

@: mighty
A: almost no armour, amphibious, 8 rings, camouflage 1, gelatinous body 1,
(nimble swimmer 1), tentacles
a: no special abilities


You were on level 2 of the Dungeon.
You visited 1 branch of the dungeon, and saw 2 of its levels.

You collected 49 gold pieces.

Inventory:

Hand Weapons
 a - a +0 long sword (weapon)
Missiles
 d - 2 poisoned darts (quivered)
Armour
 b - a +0 buckler (worn)
Scrolls
 e - 4 scrolls of identify


   Skills:
 + Level 3.2 Fighting
 * Level 2.7 Long Blades
 + Level 3.2 Dodging
 + Level 1.5 Stealth
 + Level 3.2 Shields


You had 2 spell levels left.
You didn't know any spells.
Your spell library was empty.

Dungeon Overview and Level Annotations

Branches:
Dungeon (2/15)

Altars:

Annotations:
D:2 Sigmund


Innate Abilities, Weirdness & Mutations

You cannot wear most types of armour.
You are amphibious.
You can wear up to eight rings at the same time.
Your skin changes colour to match your surroundings (Stealth+).
Your rubbery body absorbs attacks. (AC +1, EV +1)
((You are camouflaged when in or above water. (Stealth+)))
You have tentacles for arms and can constrict up to eight enemies at once.


Message History

You open the door.
There is an open door here.
An adder comes into view.
The adder hisses angrily.
Found a scroll of identify.
The adder completely misses you.
You closely miss the adder. You grab the adder. You constrict the adder.
You block the adder's attack.
You slash the adder! You squeeze the adder.
You kill the adder!
You see here an adder corpse.
Found 18 bolts.
Found 11 gold pieces.
e - 4 scrolls of identify (gained 1)
Found a spear.
You now have 49 gold pieces (gained 11).
Sigmund the Dreaded comes into view.
He is wielding a +0 scythe and wearing a +2 robe of fire resistance.
Sigmund shouts!
Sigmund hits you from afar with a +0 scythe!
Ouch! That really hurt!
You barely miss Sigmund. Your grab misses Sigmund.
Sigmund looks at you with fury. Sigmund gestures at you while chanting.
You are confused.
Sigmund barely misses you.
You feel better.
You closely miss Sigmund. You grab Sigmund. You squeeze Sigmund.
Sigmund is moderately wounded.
You constrict Sigmund, but do no damage.
Sigmund gestures wildly while chanting.
Sigmund flickers and vanishes!
Deactivating autopickup; reactivate with Ctrl-A.
You hit something. You constrict something. Something hits you!
You hit something but do no damage. You constrict something.
Something hits you.
* * * LOW HITPOINT WARNING * * *
You closely miss something. You constrict something.
You block something's attack.
You feel very mighty all of a sudden.
You constrict something. Something hits you!
You die...

#...........######
#...#
#........#####...#
#...# #........#
#...###...#
#........#
#.........#
#........#
#.....†...#
#........#
#####.....'
#....)...# #.....#
#........# #.....#
#......@.# #....##
#.....{..+ #......
#........# #......
#........# #....##
#........# #....##
#.....^..#
#####....##
##########
#........##
##........##
............##


There were no monsters in sight!

Vanquished Creatures
  2 adders (D:2)
  4 ball pythons
  3 endoplasms
  2 giant cockroaches (D:1)
  5 hobgoblins
  A kobold (D:1)
  A quokka (D:2)
  2 bats (D:1)
  A goblin (D:2)
  2 rats
23 creatures vanquished.

Notes
Turn   | Place    | Note
-------+----------+-------------------------------------------
     0 | D:1      | Tirrikindir the Octopode Fighter began the quest for the
                  | Orb.
     0 | D:1      | Reached XP level 1. HP: 16/16 MP: 1/1
   239 | D:1      | Reached XP level 2. HP: 19/21 MP: 2/2
   586 | D:1      | Reached skill level 1 in Stealth
  1024 | D:2      | Reached XP level 3. HP: 26/26 MP: 3/3
  1409 | D:2      | Noticed Sigmund
  1422 | D:2      | Slain by Sigmund

Illustrated notes

Levels and vault maps discovered:
D:1:      dpeg_arrival_ternary, layout_basic
D:2:      layout_basic, grunt_ministairs_3, uniq_sigmund

Skill      XL: |  1  2 |
---------------+-------+-----
Stealth        | 1 |  1.5
Fighting       | |  3.2
Long Blades    | |  2.7
Dodging        | |  3.2
Shields        | |  3.2

Action                   || total
-------------------------++-------
Melee: Long sword        ||    44
       Constrict         ||    11
       Tentacles         ||     7
       Punch             ||     2
  Use: Potion            ||     2
       Scroll            ||     1
 Stab: Sleeping          ||    10
Armor: Skin              ||     2
Dodge: Dodged            ||    22
Block: Buckler           ||     8
